 Dungeon Crawl Stone Soup version 0.29-a0-241-g20d21d4356 (webtiles) character file.

Game seed: 7073364603478053967

11272 Morbidden the Cleaver (level 11, -4/92 HPs)
             Began as a Demigod Fighter on Mar 4, 2022.
             Slain by a death yak (20 damage)
             ... on level 10 of the Dungeon.
             The game lasted 00:21:08 (15605 turns).

Morbidden the Cleaver (Demigod Fighter)            Turns: 15605, Time: 00:21:09

Health: -4/92      AC: 23    Str: 25    XL:     11   Next: 23%
Magic:  22/22      EV: 11    Int: 14    God:
Gold:   228        SH:  9    Dex: 13    Spells: 20/20 levels left

rFire   . . .      SeeInvis .   C - +6 hand axe
rCold   . . .      Faith    .   J - +0 kite shield
rNeg    . . .      Spirit   .   D - +1 plate armour
rPois   .          Reflect  .   (no helmet)
rElec   .          Harm     .   K - +2 cloak
rCorr   .          Rampage  .   G - +0 pair of gloves
Will    +....                   s - +0 pair of boots
Stlth   ..........              (no amulet)
HPRegen 0.25/turn               n - +4 ring of protection
MPRegen 0.18/turn               d - +4 ring of evasion

@: hasted, very quick
A: high MP 1, forlorn, divine attributes
a: no special abilities


You were on level 10 of the Dungeon.
You visited 1 branch of the dungeon, and saw 13 of its levels.
You also visited: Sewer.

You collected 589 gold pieces.
You spent 361 gold pieces at shops.

Inventory:

Hand Weapons
 a - a +0 war axe
 C - a +6 hand axe (weapon)
Missiles
 k - 16 poisoned darts
 l - a curare-tipped dart
 E - 6 silver javelins
 H - 10 boomerangs (quivered)
Armour
 s - a +0 pair of boots (worn)
 D - a +1 plate armour (worn)
 G - a +0 pair of gloves (worn)
 J - a +0 kite shield (worn)
 K - a +2 cloak (worn)
Jewellery
 d - a +4 ring of evasion (right hand)
 n - a +4 ring of protection (left hand)
Wands
 f - a wand of polymorph (5)
 x - a wand of mindburst (16)
 A - a wand of digging (5)
Scrolls
 c - 2 scrolls of holy word
 g - 9 scrolls of identify
 i - a scroll of noise
 o - 3 scrolls of fear
 r - 3 scrolls of fog
 t - 2 scrolls of amnesia
 u - a scroll of blinking
 v - 4 scrolls of teleportation
 y - 2 scrolls of immolation
 B - 2 scrolls of magic mapping
 I - a scroll of vulnerability
 L - a scroll of enchant armour
Potions
 b - 2 potions of brilliance {unknown}
 e - 4 potions of curing
 h - 3 potions of attraction
 j - 4 potions of mutation
 m - a potion of flight {unknown}
 p - 4 potions of magic {unknown}
 q - 4 potions of haste
 w - a potion of lignification {unknown}
 z - 2 potions of invisibility {unknown}
 F - 2 potions of might


   Skills:
 * Level 7.2 Fighting
 * Level 10.8 Axes
 + Level 1.7 Throwing
 + Level 6.5 Armour
 * Level 5.9 Dodging
 + Level 0.2 Stealth
 + Level 4.7 Shields
 * Level 5.1 Spellcasting
 + Level 1.0 Evocations


You had 20 spell levels left.
You didn't know any spells.
Your spell library contained the following spells:

 Spells                   Type           Power      Damage    Failure   Level
 Corpse Rot               Necr/Air       6%         N/A       100%        2
 Passwall                 Tmut/Erth      2%         N/A       100%        2
 Conjure Flame            Conj/Fire      3%         6-21      100%        3
 Ignite Poison            Fire/Tmut/Pois 3%         N/A       100%        3
 Mephitic Cloud           Conj/Pois/Air  3%         N/A       100%        3
 Cause Fear               Hex            1%         N/A       100%        4
 Dispel Undead            Necr           3%         3d7       100%        4
 Leda's Liquefaction      Hex/Erth       1%         N/A       100%        4
 Sticky Flame             Conj/Fire      3%         2d3       100%        4
 Lee's Rapid Deconstruct  Erth           1%         3d5*      100%        5
 Death Channel            Necr           1%         N/A       100%        6
 Eringya's Noxious Bog    Tmut/Pois      1%         N/A       100%        6
 Statue Form              Tmut/Erth      2%         N/A       100%        6
 Dragon Form              Tmut           1%         N/A       100%        7
 Storm Form               Tmut/Air       1%         N/A       100%        7
 Dragon's Call            Summ           1%         N/A       100%        9


Dungeon Overview and Level Annotations

Branches:
Dungeon (13/15)            Temple (0/1) D:4             Orc (0/2) D:9
  Sewer (visited)
   Lair: D:8-11      Vaults: D:13-14

Shops:
D:8 [?**   D:10 *

Annotations:
D:6 1 runed translucent door, mfcas's ghost, novice OpEE
D:8 exclusion: orange crystal statue


Innate Abilities, Weirdness & Mutations

You have an increased reservoir of magic. (+10% MP)
You shall have no god before yourself.
Your divine heritage dramatically boosts your attributes as you level up.


Message History

You hit the death yak. You block the death yak's attack.
The death yak gores you.
You barely miss the death yak.
The death yak is lightly wounded.
You barely miss the death yak. The death yak closely misses you.
The death yak completely misses you.
You hit the death yak.
The death yak is moderately wounded.
You hit the death yak but do no damage.
The death yak snorts and paws the ground.
The death yak gores you but does no damage. x2
Unknown command.
You feel yourself speed up. You block the death yak's attack.
The death yak gores you!
* * * LOW HITPOINT WARNING * * *
Unknown command.
You hit the death yak but do no damage.
The death yak is lightly wounded.
You hit the death yak. The death yak completely misses you.
Unknown command.
You hit the death yak.
The death yak is moderately wounded.
You hit the death yak. The death yak gores you.
* * * LOW HITPOINT WARNING * * *
Unknown command.
You barely miss the death yak.
The death yak is moderately wounded.
You hit the death yak but do no damage. The death yak gores you.
* * * LOW HITPOINT WARNING * * *
The death yak gores you but does no damage.
Unknown command.
You hit the death yak.
The death yak is moderately wounded.
You hit the death yak but do no damage.
Unknown command.
You hit the death yak.
The death yak is moderately wounded.
You hit the death yak. The death yak completely misses you.
The death yak gores you!!
You die...

#.#
#.########..#.#..##
#.#
#..>......).......#
#.#
########.#..#.##..#
#.###
##.####......#....#
#...#
#..........##.###..
###.#
##.####...###.# ###
#.# #.#
###.####.##### #.#
#Y# #.....##......
#.####@#
#.###.########
#...##Y# #.# #.#
###.##K# #.###.#
#.##<# #.....#
#.##.# #####.#
#.##.# #.# #.##.#
#.# #.##.# #.#
#.##.## #.#


You could see 2 death yaks and a kobold.

Vanquished Creatures
  Josephine (D:13)
  2 two-headed ogres (D:9)
  A manticore (D:11)
  A kobold demonologist (D:10)
  A komodo dragon (D:13)
  2 trolls
  Prince Ribbit (D:8)
  3 wraiths
  3 shadows
  13 yaks
  4 vampire mosquitoes (D:10)
  2 steam dragons
  Menkaure (D:7)
  2 acid dragons
  2 ice beasts
  7 orc warriors
  2 black bears
  A sky beast (D:8)
  5 centaurs
  A kobold brigand (D:10)
  5 bullfrogs
  2 necrophages
  A scorpion (D:7)
  4 wights
  5 killer bees (D:8)
  3 howler monkeys
  An electric eel (D:6)
  5 jellies
  7 hounds
  A gnoll shaman (D:8)
  8 orc priests
  6 iguanas
  9 orc wizards
  9 gnolls
  15 adders
  3 river rats (Sewer)
  3 white imps
  2 ufetubi
  3 worms
  4 dart slugs
  38 orcs
  15 ball pythons
  13 endoplasms
  A giant cockroach (D:4)
  8 goblins
  6 hobgoblins
  8 jackals
  3 quokkas
  3 bats (D:1)
  3 frilled lizards
  6 kobolds
  25 rats
280 creatures vanquished.

Vanquished Creatures (others)
  2 orcs (D:6)
  13 plants (D:6)
15 creatures vanquished.

Grand Total: 295 creatures vanquished

Notes
Turn   | Place    | Note
-------+----------+-------------------------------------------
     0 | D:1      | Morbidden the Demigod Fighter began the quest for the Orb.
     0 | D:1      | Reached XP level 1. HP: 18/18 MP: 3/3
   320 | D:1      | Reached XP level 2. HP: 18/25 MP: 4/4
   442 | D:1      | Reached skill level 2 in Axes
  1013 | D:1      | Reached XP level 3. HP: 31/31 MP: 5/5
  1929 | D:3      | Reached XP level 4. HP: 36/38 MP: 6/6
  2324 | D:4      | Got Mongoa's Guide on Venom and Transmigration
  2497 | D:4      | Found a staircase to the Ecumenical Temple.
  2729 | D:5      | Entered Level 5 of the Dungeon
  2748 | D:5      | Reached skill level 3 in Axes
  2779 | D:5      | Reached skill level 1 in Dodging
  2779 | D:5      | Reached XP level 5. HP: 29/45 MP: 7/7
  2892 | D:5      | Noticed a centaur
  2905 | D:5      | Killed a centaur
  2906 | D:5      | Reached skill level 4 in Axes
  3111 | D:5      | Noticed a black bear
  3115 | D:5      | Reached XP level 6. HP: 46/52 MP: 9/9
  3125 | D:5      | Reached skill level 1 in Spellcasting
  3781 | D:5      | Reached skill level 5 in Axes
  3781 | D:5      | Reached XP level 7. HP: 59/59 MP: 11/11
  4093 | D:6      | Found a glowing drain.
  4105 | Sewer    | Entered a sewer
  4905 | Sewer    | Reached skill level 6 in Axes
  5214 | D:6      | Identified the +2 ring mail of Duty {rElec rC+ rCorr}
  5354 | D:6      | Reached XP level 8. HP: 64/67 MP: 12/14
  5503 | D:6      | Noticed a kobold demonologist
  5503 | D:6      | Noticed a troll
  5533 | D:6      | Noticed an orange demon
  6090 | D:6      | Reached skill level 7 in Axes
  6260 | D:6      | Found a runed translucent door.
  6260 | D:6      | Noticed mfcas's ghost (novice OpEE)
  6260 | D:6      | Noticed a +0 short sword of chaos
  6341 | D:6      | Reached skill level 5 in Fighting
  7343 | D:7      | Reached XP level 9. HP: 44/73 MP: 16/16
  7350 | D:7      | Reached skill level 5 in Armour
  7497 | D:7      | Noticed Menkaure
  7507 | D:7      | Killed Menkaure
  7967 | D:6      | Reached skill level 8 in Axes
  8390 | D:8      | Noticed an orange crystal statue
  9051 | D:8      | Found Nist's Magic Scroll Emporium.
  9554 | D:8      | Noticed Prince Ribbit
  9566 | D:8      | Killed Prince Ribbit
  9684 | D:8      | Found Ybosy's Assorted Antiques.
  9687 | D:8      | Found Tepp's Antique Armour Emporium.
  9688 | D:8      | Found Koaneox's General Store.
  9699 | D:8      | Bought 3 scrolls labelled YTSYZOCK ORECW for 72 gold pieces
  9715 | D:8      | Bought a glowing cloak for 247 gold pieces
 11333 | D:9      | Noticed a two-headed ogre
 11372 | D:10     | Entered Level 10 of the Dungeon
 11778 | D:10     | Noticed a kobold demonologist
 11795 | D:10     | Killed a kobold demonologist
 11796 | D:10     | Reached skill level 9 in Axes
 11796 | D:10     | Reached XP level 10. HP: 64/83 MP: 19/19
 11893 | D:10     | Found Cumn's General Store.
 11905 | D:10     | Bought a scroll of magic mapping for 42 gold pieces
 11916 | D:10     | Identified the +4 great sword of Gietao {venom, Fly rC-
                  | Str+7 Int-3}
 12921 | D:9      | Reached skill level 5 in Dodging
 12969 | D:9      | Killed a two-headed ogre
 13156 | D:9      | Reached skill level 10 in Axes
 13433 | D:9      | Noticed a two-headed ogre
 13478 | D:9      | Killed a two-headed ogre
 13493 | D:9      | Reached skill level 1 in Throwing
 13696 | D:9      | Found a staircase to the Orcish Mines.
 13992 | D:11     | You fall into a shaft and drop 2 floors!
 14336 | D:13     | Noticed Josephine
 14340 | D:13     | Noticed a boulder beetle
 14350 | D:13     | Killed Josephine
 14351 | D:13     | Reached XP level 11. HP: 64/92 MP: 22/22
 14495 | D:12     | Noticed a deep elf pyromancer
 14531 | D:12     | Noticed a rakshasa
 14899 | D:11     | Reached skill level 1 in Evocations
 14903 | D:11     | Reached skill level 5 in Spellcasting
 15207 | D:11     | Noticed a death yak
 15207 | D:11     | Noticed a death yak
 15208 | D:11     | Noticed a death yak
 15605 | D:10     | Slain by a death yak

Illustrated notes

Levels and vault maps discovered:
D:1:      onia_arrival_mini_maze_b, layout_rooms, bh_walls_and_bars
D:2:      layout_rooms, minmay_tiny_reverse_x
D:3:      layout_basic, hellmonk_ecumenical_altar_dog_temple
D:4:      layout_cave_pools, minmay_temple_entry_statues
D:5:      layout_cave_pools, minmay_misc_feat_square, st_stairs_14
D:6:      layout_loops_ring, portal_sewer_entry_d, ebering_ghost_xom,
          serial_bayou_ford_a, hangedman_minor_gate_pass
D:7:      layout_gridville, minmay_holes, kennysheep_generic_room_16,
          uniq_menkaure
D:8:      layout_layer_cave, minmay_shop_grid_forest, disabler_island,
          uniq_prince_ribbit1
D:9:      layout_roguey, david_orc_4
D:10:     layout_loops_ring, mainiacjoe_overflow_boulevard, serial_shops,
          nicolae_shop_waterfront
D:11:     layout_small_grid, dpeg_lair_monsters, hangedman_decor_lopped
D:12:     layout_stronghold, minmay_pinched_square
D:13:     layout_loops_ring, uniq_josephine

Skill      XL: |  1  2  3  4  5  6  7  8  9 10 11 |
---------------+----------------------------------+-----
Armour         | 3 4 5 6 |  6.5
Axes           | 2 3 4 5 6 7 9 10 | 10.8
Fighting       | 3 4 5 6 7 |  7.2
Shields        | 3 4 |  4.7
Dodging        | 1 2 3 4 5 |  5.9
Spellcasting   | 1 2 3 4 5 |  5.1
Throwing       | 1 |  1.7
Evocations     | 1 |  1.0
Stealth        | |  0.2

Action                   |  1- 3 |  4- 6 |  7- 9 | 10-12 || total
-------------------------+-------+-------+-------+-------++-------
Melee: War axe           |    98 |   144 |   466 |       ||   708
       Hand axe          |       |       |    59 |   324 ||   383
Throw: Dart              |       |       |     6 |    10 ||    16
       Javelin           |       |       |     9 |       ||     9
       Boomerang         |       |       |       |     5 ||     5
Evoke: Wand              |       |       |     3 |     7 ||    10
  Use: Potion            |       |     2 |     2 |     6 ||    10
       Scroll            |       |       |    11 |     6 ||    17
Armor: Scale mail        |    37 |       |       |       ||    37
       Chain mail        |    15 |    57 |       |       ||    72
       Plate armour      |       |    63 |   463 |   178 ||   704
Dodge: Dodged            |    42 |    62 |   252 |   150 ||   506
Block: Buckler           |    23 |    27 |   113 |       ||   163
       Kite shield       |       |       |    77 |   146 ||   223

Table legend: (Time is in decaauts)
 A = Elapsed time spent in this place.
 B = Non-inter-level travel time spent in this place.
 C = Inter-level travel time spent in this place.
 D = Time resting spent in this place.
 E = Time spent auto-exploring this place.
 F = Levels seen in this place.
 G = Mean time per level.
                   A        B        C        D        E       F      G
               +--------+--------+--------+--------+--------+-----+--------+
         Total |  15870 |  15372 |    498 |   3972 |   8193 |  14 | 1133.6 |
       Dungeon |  14798 |  14300 |    498 |   3612 |   7747 |  13 | 1138.3 |
         Sewer |   1071 |   1071 |      0 |    360 |    446 |   1 | 1071.0 |
               +--------+--------+--------+--------+--------+-----+--------+

Top non-repeatable levels by time:
     D:8: 2211 daAuts
     D:7: 1907 daAuts
    D:10: 1852 daAuts
     D:6: 1802 daAuts
     D:9: 1504 daAuts
     D:5: 1481 daAuts
     D:1: 1115 daAuts
   Sewer: 1071 daAuts
     D:2: 744 daAuts
    D:11: 574 daAuts
     D:4: 470 daAuts
     D:3: 451 daAuts
    D:13: 361 daAuts
    D:12: 320 daAuts
